 Dungeon Crawl Stone Soup version 0.18-a0-1323-g706dcef (webtiles) character file.

147564 Tomstefer the Warrior (level 16, 0/159 HPs)
             Began as a Minotaur Gladiator on Feb 15, 2016.
             Was a High Priest of Okawaru.
             Killed from afar by a starcursed mass (12 damage)
             ... with an accursed screaming
             ... on level 3 of the Abyss.
             The game lasted 01:55:36 (31249 turns).

Tomstefer the Warrior (Minotaur Gladiator)         Turns: 31249, Time: 01:55:36

Health: 0/159      AC: 29    Str: 34    XL:     16   Next: 62%
Magic:  14/21      EV: 15    Int:  5    God:    Okawaru [*****.]
Gold:   1412       SH: 17    Dex: 16    Spells: 1 memorised, 12 levels left

rFire  + . .     SeeInvis +     y - +5 demon whip (elec)
rCold  + + .     Gourm    +     P - +4 chain mail {rF+}
rNeg   . . .     Faith    .     D - +1 shield {rC+}
rPois  .         Spirit   .     H - +0 hat {SInv}
rElec  .         Dismiss  .     b - +2 cloak {MR+}
rCorr  .         Reflect  .     q - +2 pair of gloves {Dex+3}
SustAt .         Harm     .     N - +1 pair of boots {run}
MR     ++...                    k - amulet "Nainetz" {Gourm Fragile +Fly Str+6}
Stlth  ..........               x - +5 ring of strength
                                Y - ring of protection from cold

@: heroism, finesse, very slightly contaminated, hasted, very quick, very
resistant to hostile enchantments, extremely unstealthy
A: retaliatory headbutt, horns 2, talons 1, clumsy 1, regeneration 1
a: Heroism, Finesse, Renounce Religion, Evoke Flight
}: 1/15 runes: abyssal


You were on level 3 of the Abyss.
You worshipped Okawaru.
Okawaru was extremely pleased with you.
You were very full.

You visited 5 branches of the dungeon, and saw 27 of its levels.
You visited the Abyss 1 time.
You also visited: Labyrinth and Ice Cave.

You collected 2301 gold pieces.
You spent 889 gold pieces at shops.

Inventory:

Hand Weapons
 a - a +1 great mace of crushing
 y - a +5 demon whip of electrocution (weapon)
 K - the +11 mace of Zyngot {crush, rElec Dex+2 Stlth+}
   (Okawaru gifted it to you on level 5 of the Lair of Beasts)

   It inflicts extra damage upon your enemies.
   It affects your dexterity (+2).
   It insulates you from electricity.
   It makes you more stealthy.
Missiles
 t - 2 throwing nets (quivered)
Armour
 b - a +2 cloak of magic resistance (worn)
 q - a +2 pair of gloves of dexterity (worn)
 D - a +1 shield of cold resistance (worn)
 H - a +0 hat of see invisible (worn)
 N - a +1 pair of boots of running (worn)
 P - a +4 chain mail of fire resistance (worn)
Rods
 F - a +5 iron rod (14/14)
   (You found it on level 4 of the Dungeon)
Jewellery
 k - the amulet "Nainetz" (around neck) {Gourm Fragile +Fly Str+6}
   (You found it in an ice cave)

   [amulet of the gourmand]

   It allows you to eat raw meat even when not hungry.
   It affects your strength (+6).
   It lets you fly.
   It will be destroyed if unequipped.
 x - a +5 ring of strength (right hand)
 Y - a ring of protection from cold (left hand)
Wands
 d - a wand of iceblast (1/15)
 m - a wand of lightning (3/15)
 v - a wand of paralysis (8/24)
 U - a wand of digging (3/24)
 V - a wand of acid (4/15)
Scrolls
 c - a scroll of holy word
 h - a scroll of enchant armour
 j - 7 scrolls of teleportation
 n - a scroll of recharging
 s - 5 scrolls of magic mapping
 u - 5 scrolls of fear
 w - 12 scrolls of remove curse
 I - 4 scrolls of blinking
Potions
 e - 4 potions of invisibility
 g - a potion of haste
 i - 10 potions of curing
 l - 3 potions of resistance
 z - 8 potions of agility
 B - a potion of berserk rage
 C - a potion of cancellation
Miscellaneous
 S - a sack of spiders
 T - a phial of floods
Comestibles
 f - 11 bread rations
 o - 8 fruits
 p - 13 meat rations
 E - 11 beef jerkies
 X - 9 slices of pizza


   Skills:
 + Level 18.4(23.4) Fighting
 - Level 17.1(22.1) Maces & Flails
 - Level 2.0(7.0) Throwing
 - Level 14.8(19.8) Armour
 - Level 3.2(8.2) Dodging
 + Level 10.7(15.7) Shields
 - Level 4.4 Hexes
 - Level 4.7 Charms
 - Level 7.0 Invocations
 - Level 8.0 Evocations


You had 12 spell levels left.
You knew the following spells:

 Your Spells              Type           Power        Failure   Level  Hunger
a - Spectral Weapon       Hex/Chrm       #.......     63%         3    ####...


Dungeon Overview and Level Annotations

Branches:
Dungeon (15/15)            Temple (1/1) D:5            Lair (8/8) D:10
  Swamp (0/4) Lair:5       Spider (0/4) Lair:3        Slime (0/6) Lair:6
    Orc (2/2) D:10            Elf (1/3) Orc:2        Vaults (0/5) D:13
 Depths (0/5) D:15

Altars:
Ashenzari
Cheibriados
Dithmenos
Fedhas
Gozag
Kikubaaqudgha
Makhleb
Nemelex Xobeh
Okawaru
Ru
Yredelemnul
Zin
The Shining One
Beogh

Shops:
D:7 (   D:10 :   D:15 *   Orc:2 (*[?

Annotations:
D:8 exclusion: oklob plant


Innate Abilities, Weirdness & Mutations

You reflexively headbutt those who attack you in melee.
You have a pair of horns on your head.
You have sharp toenails.
You are clumsy. (Dex -2)
Your natural rate of healing is unusually fast.


Message History

The starcursed mass engulfs you but does no damage.
You block the small abomination's attack.
The starcursed mass engulfs you but does no damage.
A chorus of shrieks assaults your mind.
* * * LOW HITPOINT WARNING * * *
You block the starcursed mass's attack.
You see here a +3 ring mail.
You are too injured to fight recklessly!
You are too injured to fight recklessly!
You are too injured to fight recklessly!
You are too injured to fight recklessly!
You are too injured to fight recklessly!
You are too injured to fight recklessly!
You closely miss the small abomination. You headbutt the small abomination!
The small abomination is heavily damaged.
You thrash the small abomination!!
You destroy the small abomination!
Okawaru accepts your kill. A chorus of shrieks assaults your mind.
You die...

.
######...
♣.†Y. . #
. ##X## .
.. #.hR#
. # . .
#XX@#
#X[X# X
##)##
#.).#
#...#
#...#
#####


You could see 4 starcursed masses, a tentacled starspawn, a rakshasa, a raiju
and an ice beast.

Vanquished Creatures
  A lich (Abyss:3)
  2 deep elf blademasters (Abyss:3)
  Kirke (D:12)
  Agnes (D:15)
  A tengu reaver (Abyss:3)
  The ghost of Scytalen the Brawler, a journeyman TrCK of Zin (D:15)
  An azure jelly (D:15)
  2 orc warlords
  2 deep elf sorcerers (Abyss:3)
  Nessos (Orc:2)
  A quicksilver dragon zombie (Abyss:3)
  A vault guard (D:13)
  A minotaur (Lab)
  6 hydras
  A catoblepas (Lair:8)
  Erica (Orc:1)
  3 tengu warriors (D:15)
  6 death yaks (Lair:8)
  5 ogre magi
  A dancing weapon (Elf:1)
  2 orc high priests
  2 thrashing horrors (Abyss:3)
  Urug (Lair:2)
  A deep elf knight (Elf:1)
  8 skeletal warriors
  6 unseen horrors
  2 wizards (D:15)
  13 hill giants
  6 starcursed masses (Abyss:3)
  Pikel (D:7)
  A lindwurm (Lair:4)
  A harpy (D:13)
  A necromancer (D:15)
  A hornet (shapeshifter) (Elf:1)
  3 ugly things
  3 cyclopes
  4 orc sorcerers
  A sixfirhy (Abyss:3)
  A manticore (D:13)
  2 worldbinders (Abyss:3)
  4 deep elf magi (Elf:1)
  A griffon (Lair:7)
  25 elephants
  6 black mambas
  3 centaur zombies
  2 gargoyles (D:14)
  3 orange demons (D:15)
  Psyche (D:11)
  3 ice statues (IceCv)
  15 spiny frogs
  2 kobold demonologists (D:13)
  2 fire drakes
  10 komodo dragons
  3 freezing wraiths (D:15)
  An ancient zyme (Abyss:3)
  3 red devils (D:15)
  A tengu conjurer (D:15)
  A harpy zombie (D:15)
  17 two-headed ogres
  9 trolls
  2 jumping spiders (Lair:3)
  A polar bear (Lair:5)
  5 raiju (Abyss:3)
  3 large abominations (Abyss:3)
  22 blink frogs
  2 redbacks (Lair:3)
  A centaur simulacrum (D:15)
  A vampire (D:12)
  2 shadows (D:13)
  A spriggan (Lair:5)
  A water elemental (D:15)
  3 hogs
  A wyvern (D:13)
  A hungry ghost (D:14)
  3 basilisks
  17 hippogriffs
  A human (D:8)
  47 yaks
  2 vampire mosquitoes (D:14)
  2 chaos spawn (Abyss:3)
  2 neqoxecs (Abyss:3)
  4 wargs
  6 wolves
  Duvessa (D:5)
  13 water moccasins
  6 porcupines
  28 orc warriors
  2 slaves (D:7)
  12 ice beasts
  2 necrophages
  4 black bears
  4 phantoms
  39 ogres
  A sky beast (D:14)
  2 eyes of draining
  18 centaurs
  14 crocodiles
  The ghost of M4edhros the Sneak, an amateur OpAr (D:4)
  10 big kobolds
  Blork the orc (D:6)
  A gnoll sergeant (D:9)
  Dowan (D:5)
  27 giant frogs
  3 scorpions
  9 killer bees
  5 wights (D:15)
  3 electric eels (D:15)
  2 small abominations (Abyss:3)
  A wasp zombie (D:12)
  7 crimson imps
  2 giant frog zombies
  3 quasits
  17 orc priests
  A gnoll shaman (D:8)
  6 hounds
  11 jellies
  31 orc wizards
  2 centaur skeletons
  2 hell rats (Lair:5)
  3 iguanas
  11 worker ants
  6 sheep
  A hound zombie (D:5)
  A worker ant zombie (D:6)
  15 gnolls
  19 adders
  123 river rats
  3 shadow imps
  13 oozes (D:8)
  3 adder skeletons
  6 worms
  4 giant geckos
  121 orcs
  A ball python (D:3)
  23 bats
  10 giant cockroaches
  16 goblins
  6 hobgoblins
  13 jackals
  27 kobolds
  2 quokkas
  5 giant newts
  27 rats
  4 fungi
  7 plants
1103 creatures vanquished.

Vanquished Creatures (others)
  A human (D:12)
  A slave (D:7)
  A centaur (D:12)
  2 giant frogs (D:12)
  A crimson imp (D:12)
  An orc priest (Orc:1)
  34 fungi
  9 plants
50 creatures vanquished.

Grand Total: 1153 creatures vanquished

Notes
Turn   | Place    | Note
--------------------------------------------------------------
     0 | D:1      | Tomstefer the Minotaur Gladiator began the quest for the Orb.
     0 | D:1      | Reached XP level 1. HP: 18/18 MP: 0/0
   101 | D:1      | Reached skill level 4 in Maces & Flails
   196 | D:1      | Reached XP level 2. HP: 25/25 MP: 1/1
   689 | D:2      | Reached skill level 5 in Maces & Flails
   717 | D:2      | Reached XP level 3. HP: 24/30 MP: 2/2
  1117 | D:2      | Found a shattered altar of Ashenzari.
  1258 | D:2      | Found a sacrificial altar of Ru.
  1468 | D:3      | Reached XP level 4. HP: 37/37 MP: 3/3
  1488 | D:3      | Reached skill level 6 in Maces & Flails
  1668 | D:3      | Reached skill level 1 in Armour
  2077 | D:3      | Reached XP level 5. HP: 45/45 MP: 4/4
  2460 | D:3      | Found a blossoming altar of Fedhas.
  2514 | D:4      | Noticed M4edhros's ghost (amateur OpAr)
  2522 | D:4      | Killed M4edhros's ghost
  2539 | D:4      | Reached XP level 6. HP: 51/53 MP: 5/5
  2965 | D:4      | Reached skill level 5 in Fighting
  3291 | D:4      | Found an opulent altar of Gozag.
  3466 | D:5      | Entered Level 5 of the Dungeon
  3498 | D:5      | Found a sparkling altar of Nemelex Xobeh.
  3498 | D:5      | Found an opulent altar of Gozag.
  3553 | D:5      | Noticed Duvessa
  3560 | D:5      | Killed Duvessa
  3560 | D:5      | Reached skill level 7 in Maces & Flails
  3560 | D:5      | Reached XP level 7. HP: 61/61 MP: 6/6
  3571 | D:5      | Reached skill level 5 in Armour
  3579 | D:5      | Noticed Dowan
  3583 | D:5      | Killed Dowan
  3793 | D:5      | Reached skill level 1 in Evocations
  3858 | D:5      | Reached skill level 8 in Maces & Flails
  3885 | D:5      | Found a staircase to the Ecumenical Temple.
  3891 | Temple   | Entered the Ecumenical Temple
  3903 | Temple   | Became a worshipper of Warmaster Okawaru
  3992 | D:5      | Reached XP level 8. HP: 68/68 MP: 8/8
  5600 | D:6      | Noticed Blork the orc
  5625 | D:6      | Killed Blork the orc
  5674 | D:6      | Reached * piety under Okawaru
  5723 | D:6      | Reached XP level 9. HP: 74/74 MP: 11/11
  5825 | D:7      | Reached skill level 5 in Evocations
  5833 | D:7      | Reached skill level 9 in Armour
  6153 | D:7      | Noticed Pikel
  6172 | D:7      | Killed Pikel
  6172 | D:7      | Reached ** piety under Okawaru
  6172 | D:7      | Reached skill level 10 in Armour
  6490 | D:7      | Found Zyuromo's Weapon Boutique.
  7283 | D:8      | Reached *** piety under Okawaru
  7293 | D:8      | Reached skill level 11 in Armour
  7301 | D:8      | Reached XP level 10. HP: 33/81 MP: 14/14
  7580 | D:8      | Found a snail-covered altar of Cheibriados.
  7793 | D:8      | Noticed an oklob plant
  9484 | D:10     | Entered Level 10 of the Dungeon
  9484 | D:10     | Found a staircase to the Orcish Mines.
  9505 | D:10     | Found Voaneisk's Book Emporium.
  9785 | D:10     | Reached **** piety under Okawaru
  9795 | D:10     | Killed an unseen horror
  9885 | D:10     | Noticed a hill giant
  9891 | D:10     | Killed a hill giant
  9891 | D:10     | Reached skill level 10 in Maces & Flails
  9973 | D:10     | Noticed an unseen horror
  9985 | D:10     | Killed an unseen horror
  9985 | D:10     | Received a gift from Okawaru
  9985 | D:10     | Reached ***** piety under Okawaru
 10303 | D:10     | Found a roughly hewn altar of Beogh.
 10386 | D:10     | Reached XP level 11. HP: 95/95 MP: 16/16
 10406 | D:10     | Found a staircase to the Lair.
 10415 | Lair:1   | Entered Level 1 of the Lair of Beasts
 10695 | Lair:1   | Received a gift from Okawaru
 11132 | Lair:1   | Reached skill level 10 in Fighting
 11714 | Lair:1   | Reached skill level 12 in Maces & Flails
 11714 | Lair:1   | Reached skill level 1 in Shields
 13283 | Lair:2   | Reached skill level 5 in Shields
 13697 | Lair:2   | Noticed Urug
 13703 | Lair:2   | Killed Urug
 13703 | Lair:2   | Reached skill level 13 in Maces & Flails
 13703 | Lair:2   | Reached XP level 12. HP: 106/106 MP: 17/17
 14021 | Lair:3   | Received a gift from Okawaru
 14632 | Lair:3   | Found a hole to the Spider Nest.
 14662 | Lair:3   | Reached skill level 14 in Maces & Flails
 14806 | Lair:3   | You fall through a shaft for 3 floors!
 15811 | Lair:4   | Noticed a four-headed hydra
 15998 | Lair:4   | Killed a four-headed hydra
 15998 | Lair:4   | Reached ****** piety under Okawaru
 16243 | Lair:5   | Received a gift from Okawaru
 16252 | Lair:5   | Got an encrusted mace {god gift}
 16256 | Lair:5   | Identified the +11 mace of Zyngot {crush, rElec Dex+2 Stlth+} (Okawaru gifted it to you on level 5 of the Lair of Beasts)
 16266 | Lair:5   | Reached skill level 15 in Maces & Flails
 16442 | Lair:5   | Found a staircase to the Swamp.
 16993 | Lair:6   | Found a staircase to the Slime Pits.
 17132 | Lair:6   | Reached XP level 13. HP: 119/119 MP: 18/18
 17134 | Lair:6   | Reached skill level 1 in Invocations
 17353 | Lair:6   | Gained mutation: Your natural rate of healing is unusually fast. [potion of beneficial mutation]
 17529 | Lair:6   | Received a gift from Okawaru
 17673 | Lair:6   | Reached skill level 5 in Invocations
 18521 | Lair:7   | Received a gift from Okawaru
 18587 | Lair:7   | You fall through a shaft!
 18587 | Lair:8   | Entered Level 8 of the Lair of Beasts
 19466 | Lair:8   | Reached XP level 14. HP: 121/132 MP: 19/19
 20332 | Lair:8   | Received a gift from Okawaru
 20350 | Lair:8   | Identified a +1 pair of boots of running (Okawaru gifted it to you on level 8 of the Lair of Beasts)
 20730 | Lair:1   | Identified a scroll of acquirement
 20733 | Lair:1   | Got a pair of spiked gloves
 20745 | Lair:1   | Identified the +1 pair of gloves of Nopuil {rCorr SInv} (You acquired it on level 1 of the Lair of Beasts)
 20850 | D:11     | Noticed Psyche
 20856 | D:11     | Killed Psyche
 21099 | D:11     | Reached skill level 15 in Fighting
 21733 | Orc:1    | Entered Level 1 of the Orcish Mines
 21736 | Orc:1    | Noticed an orc warlord
 22363 | D:10     | Killed an orc warlord
 22962 | Orc:1    | Noticed Erica
 22969 | Orc:1    | Killed Erica
 23428 | Orc:2    | Entered Level 2 of the Orcish Mines
 23553 | Orc:2    | Found a roughly hewn altar of Beogh.
 23571 | Orc:2    | Found a staircase to the Elven Halls.
 23755 | Orc:2    | Reached skill level 16 in Fighting
 23866 | Orc:2    | Noticed Nessos
 23880 | Orc:2    | Killed Nessos
 24098 | Orc:2    | Paralysed by an orc sorcerer for 3 turns
 24245 | Orc:2    | Received a gift from Okawaru
 24272 | Orc:2    | Received a gift from Okawaru
 24293 | Orc:2    | Reached XP level 15. HP: 125/145 MP: 16/20
 24430 | Orc:2    | Found Jesosoc's Antique Armour Boutique.
 24430 | Orc:2    | Found Xosehich's Magic Scroll Emporium.
 24431 | Orc:2    | Found Higha's Weapon Shoppe.
 24431 | Orc:2    | Found Huiq's General Store.
 24459 | Orc:2    | Bought a spiked chain mail for 256 gold pieces
 24459 | Orc:2    | Bought a glowing cloak for 121 gold pieces
 24472 | Orc:2    | Identified the +1 chain mail of Dyiruq {+Blink Str-3 Int+7} (You bought it in a shop on level 2 of the Orcish Mines)
 24658 | Orc:2    | Noticed an orc warlord
 24689 | Orc:2    | Killed an orc warlord
 25108 | D:12     | Noticed Kirke
 25217 | D:12     | Killed Kirke
 25959 | D:12     | Reached skill level 17 in Fighting
 26210 | D:13     | Received a gift from Okawaru
 26378 | D:13     | Learned a level 3 spell: Spectral Weapon
 26478 | D:13     | Reached skill level 1 in Charms
 26486 | D:13     | Reached skill level 1 in Hexes
 26801 | D:13     | Found a gate to the Vaults.
 26910 | D:14     | Found a labyrinth entrance.
 26937 | Lab      | Entered a labyrinth
 27504 | Lab      | Identified Maefux's Disquisition on Transformation
 28350 | D:15     | Entered Level 15 of the Dungeon
 28350 | D:15     | Found Fumn's Assorted Antiques.
 28415 | D:15     | Found a shattered altar of Ashenzari.
 28472 | D:15     | Received a gift from Okawaru
 28476 | D:15     | Noticed an azure jelly
 28489 | D:15     | Killed an azure jelly
 28506 | D:15     | Got a scorched buckler {god gift}
 28519 | D:15     | Found a frozen archway.
 28530 | IceCv    | Entered an ice cave
 28563 | IceCv    | Identified the +0 buckler of Pociutoc {rC+} (Okawaru gifted it to you on level 15 of the Dungeon)
 29036 | IceCv    | Got a translucent golden amulet
 29040 | IceCv    | Identified the amulet "Nainetz" {Gourm Fragile +Fly Str+6} (You found it in an ice cave)
 29400 | D:15     | Bought a runed demon whip for 480 gold pieces
 29400 | D:15     | Bought a wand of flame for 32 gold pieces
 29660 | D:15     | Noticed Scytalen's ghost (journeyman TrCK)
 29673 | D:15     | Killed Scytalen's ghost
 29673 | D:15     | Reached XP level 16. HP: 81/155 MP: 17/21
 30149 | D:15     | Noticed Agnes
 30157 | D:15     | Killed Agnes
 30292 | D:15     | Found a staircase to the Depths.
 30547 | Elf:1    | Entered Level 1 of the Elven Halls
 30655 | Elf:1    | Cast into level 3 of the Abyss (a deep elf demonologist)
 30669 | Abyss:3  | Gained mutation: You have sharp toenails. [a neqoxec]
 30676 | Abyss:3  | Gained mutation: You are clumsy. (Dex -2) [a neqoxec]
 30764 | Abyss:3  | Noticed a deep elf blademaster
 30784 | Abyss:3  | Killed a deep elf blademaster
 30897 | Abyss:3  | Noticed a deep elf blademaster
 30897 | Abyss:3  | Noticed a tengu reaver
 30914 | Abyss:3  | Killed a deep elf blademaster
 30914 | Abyss:3  | Received a gift from Okawaru
 30914 | Abyss:3  | Reached skill level 18 in Fighting
 30933 | Abyss:3  | Killed a tengu reaver
 30938 | Abyss:3  | Got an abyssal rune of Zot
 31177 | Abyss:3  | Reached skill level 10 in Shields
 31180 | Abyss:3  | Noticed a lich
 31190 | Abyss:3  | Killed a lich
 31245 | Abyss:3  | Noticed a tentacled starspawn
 31249 | Abyss:3  | Killed from afar by a starcursed mass

Vault maps used:
D:1:      tarquinn_simple_flora_water_e, st_stairs_1
D:2:      nicolae_overflow_hidden_temple, lemuel_round_altar, first_bread,
          st_stairs_13
D:3:      fedhas_altar_4
D:4:      kennysheep_the_goblin_king, grunt_gozag_breadcrumbs
D:5:      grunt_temple_overflow_opulence, minmay_temple_entry_enclosed_plants,
          kennysheep_generic_room_12, uniq_duvessa
D:6:      uniq_blork_the_orc
D:7:      serial_shops, kennysheep_little_box, uniq_pikel
D:8:      lemuel_slime, cheibriados_altar_wand_db, grunt_livestock
D:9:      small_statue_intersection
D:10:     grunt_lair_entry_orc_guard_hut, minmay_orc_entry_temple_small,
          serial_shops, shop_statue
D:11:     uniq_psyche
D:12:     uniq_kirke
D:13:     david_vaults_5
D:14:     minmay_misc_feat_plants, lab_entry_generic
D:15:     grunt_enter_depths_magical_seal, ashenzari_altar_1, serial_shops,
          nicolae_shop_overgrown_old_shop, portal_ice_cave_entry_horrid_things,
          serial_bayou_ford_a, minmay_beelzebubs_servants, uniq_agnes
Temple:   temple_eino_lava_12
Lair:1:   grunt_megastairs_3
Lair:2:   serial_bayou_shore_b, grunt_megastairs_1, uniq_urug
Lair:3:   spider_nest_entry_funnel_web
Lair:4:   minmay_holes, serial_bayou_shore_a
Lair:5:   kennysheep_abandoned_house, swamp_mist, grunt_forest_stairs_clearing
Lair:6:   slime_dummy
Lair:7:   grunt_megastairs_4
Lair:8:   due_jungle_book
Orc:1:    uniq_erica
Orc:2:    st_orc_ogre_mass, nicolae_orc_lost_temple, uniq_nessos
Elf:1:    minmay_elf_arrival_circle, serial_shops, nicolae_shop_crystal,
          minmay_elf_annihilation, guppyfry_library_mini
Abyss:3:  bh_abyss_exit_choice, grunt_abyss_rune_sword_and_sorcery,
          due_exit_kobolds
IceCv:    ice_cave_statue_garden_02

Action                   |  1- 3 |  4- 6 |  7- 9 | 10-12 | 13-15 | 16-18 || total
-------------------------+-------+-------+-------+-------+-------+-------++-------
Melee: Flail             |    53 |       |       |       |       |       ||    53
       Whip              |    52 |    83 |   308 |    70 |       |       ||   513
       Hand axe          |       |    47 |    24 |       |       |       ||    71
       Morningstar       |       |       |       |   609 |       |       ||   609
       Mace              |       |       |       |    70 |  1242 |       ||  1312
       Demon whip        |       |       |       |       |    43 |   237 ||   280
Throw: Throwing net      |       |     1 |       |       |       |       ||     1
Invok: Heroism           |       |       |       |     2 |    12 |     6 ||    20
       Finesse           |       |       |       |       |     6 |     3 ||     9
Evoke: Rod               |       |     2 |     4 |     6 |    14 |       ||    26
       Wand              |       |       |       |     1 |     6 |       ||     7
  Use: Scroll            |       |       |     8 |    14 |    19 |       ||    41
       Potion            |       |       |       |       |     6 |     3 ||     9
 Stab: Sleeping          |       |       |       |     1 |     1 |       ||     2
  Eat: Chunk             |     2 |     6 |    11 |    23 |    45 |     7 ||    94
       Bread ration      |       |       |     1 |     2 |     2 |       ||     5
       Fruit             |       |       |       |     2 |       |       ||     2
       Royal jelly       |       |       |       |       |     1 |       ||     1
       Meat ration       |       |       |       |       |     1 |       ||     1
